 Dungeon Crawl Stone Soup version 0.31-a0-949-g57150269e1 (webtiles) character file.

Game seed: 18403589013902813719

12367 croobank the Destroyer (level 11, -8/85 HPs)
             Began as a Demonspawn Conjurer on Oct 22, 2023.
             Was a Believer of Ashenzari.
             Shot with an arrow by a centaur warrior (15 damage)
             ... on level 10 of the Dungeon.
             The game lasted 01:05:45 (16576 turns).

croobank the Destroyer (Demonspawn Conjurer)       Turns: 16576, Time: 01:05:46

Health: -8/85      AC: 13    Str:  7    XL:     11   Next: 61%
Magic:  4/21       EV: 14    Int: 31    God:    Ashenzari [**....]
Gold:   569        SH:  4    Dex:  9    Spells: 4/23 levels left

rFire   + . .        c - +2 rapier of Ashenzari's Visionary {protect, rPois rF+ Will+ Dex-2, Cun, Fort} (curse)
rCold   . . .        (no shield)
rNeg    . . .        E - +0 steam dragon scales
rPois   +            (helmet restricted)
rElec   .            G - +0 cloak of the Omniscient Ether {Range, Dev} (curse)
rCorr   .            (no gloves)
SInv    +            I - +0 pair of boots
Will    +....        (no amulet)
Stlth   ++++         p - ring "Sybil of Ashenzari" {SInv, Comp, Dev} (curse)
HPRegen 0.34/turn    r - ring "Share My Incredulity" {Int+6, Dev, Bglg} (curse)
MPRegen 0.17/turn

%: no passive effects
@: very slightly contaminated, studying 2 skills
A: antennae 2, slimy green scales 1, icemail 1, powered by pain 2, condensation
shield
a: Renounce Religion, Shatter the Chains


You were on level 10 of the Dungeon.
You worshipped Ashenzari.
Ashenzari was pleased with you.
You visited 2 branches of the dungeon, and saw 11 of its levels.
You also visited: Sewer and Ossuary.

You collected 569 gold pieces.

Inventory:

Hand Weapons
 c - the cursed +2 rapier of Ashenzari's Visionary (weapon) {protect, rPois rF+ Will+ Dex-2, Cun, Fort}
   (You found it on level 6 of the Dungeon)

   Dex-2:     It affects your dexterity (-2).
   rF+:       It protects you from fire.
   rPois:     It protects you from poison Will+: It increases your willpower.
   It has a curse which improves the following skills: Cunning: Dodging and
   Stealth.
   Fortitude: Armour and Shields.
 d - a +2 halberd of protection
 e - a +1 dagger of venom
 k - a +0 halberd of flaming
 m - a +5 long sword
 u - a +2 short sword of speed
 v - a +0 trident
 z - a +1 orcbow of freezing
 H - a +4 quarterstaff of chaos
 K - a +1 war axe
 L - a +0 scimitar
 O - a +0 double sword
Missiles
 f - 2 throwing nets
 q - 30 poisoned darts
 A - a boomerang
 N - a curare-tipped dart
Armour
 a - a +0 robe
 j - the +0 leather armour "Wasef" {Harm Str-5 Dex+3}
   (You found it on level 7 of the Dungeon)

   Str-5:     It affects your strength (-5).
   Dex+3:     It affects your dexterity (+3).
   Harm:      It increases damage dealt and taken.
 E - +0 steam dragon scales (worn)
 F - a +0 kite shield
 G - the cursed +0 cloak of the Omniscient Ether (worn) {Range, Dev}
   (You took it off Crazy Yiuf on level 7 of the Dungeon)

   It has a curse which improves the following skills: Ranged Combat: Ranged
   Weapons and Throwing.
   Devices:   Evocations and Shapeshifting.
 I - a +0 pair of boots (worn)
 J - a +2 ring mail of cold resistance
Magical Staves
 Q - the staff of the Skies Above {rElec rPois Str-3 Dex+4 Earth Poison}
   (You found it on level 10 of the Dungeon)

   [staff of poison]

   Base accuracy: +5 Base damage: 5 Base attack delay: 1.2 This weapon's minimum
   attack delay (0.6) is reached at skill level 12.
   Str-3:     It affects your strength (-3).
   Dex+4:     It affects your dexterity (+4).
   rElec:     It insulates you from electricity.
   rPois:     It protects you from poison Earth: It increases the power of your
   Earth spells.
   Poison:    It increases the power of your Poison spells.
   It falls into the 'Staves' category.
   It is a one-handed weapon.
Jewellery
 i - a ring of fire
 o - a ring of ice
 p - the cursed ring "Sybil of Ashenzari" (left hand) {SInv, Comp, Dev}
   (You found it on level 3 of the Dungeon)

   [ring of see invisible]

   SInv:      It lets you see invisible.
   It has a curse which improves the following skills: Companions: Summonings
   and Necromancy.
   Devices:   Evocations and Shapeshifting.
 r - the cursed ring "Share My Incredulity" (right hand) {Int+6, Dev, Bglg}
   (You found it on level 3 of the Dungeon)

   [ring of intelligence]

   Int+6:     It affects your intelligence (+6).
   It has a curse which improves the following skills: Devices: Evocations and
   Shapeshifting.
   Beguiling: Conjurations, Hexes and Translocations.
 s - a ring of resist corrosion
 y - a +4 ring of protection
 M - a +6 ring of strength
 P - a ring of wizardry
Wands
 h - a wand of light (9)
Scrolls
 g - 3 scrolls of identify
 x - a scroll of revelation
 B - a scroll of amnesia
Potions
 b - 2 potions of magic
 n - a potion of curing
 t - 2 potions of attraction
 w - 3 potions of mutation


   Skills:
 + Level 7.6 Fighting
 + Level 5.1 Short Blades
 * Level 6.7(7.9) Dodging
 * Level 7.4(8.6) Stealth
 * Level 6.8 Spellcasting
 * Level 8.3(9.4) Conjurations
 - Level 4.6(5.7) Hexes
 + Level 3.9(5.0) Summonings
 + Level 3.6 Transmutations
 + Level 3.9 Air Magic
 + Level 4.2 Poison Magic


You had 4 spell levels left.
You knew the following spells:

 Your Spells              Type           Power      Damage    Failure   Level
a - Magic Dart            Conj           100%       1d8       1%          1
b - Searing Ray           Conj           100%       2d8       1%          2
c - Call Canine Familiar  Summ           41%        N/A       1%          3
d - Summon Guardian Gole  Hex/Summ       43%        N/A       1%          3
g - Blink                 Tloc           22%        N/A       6%          2
h - Dazzling Flash        Conj/Hex       100%       N/A       1%          3
m - Mephitic Cloud        Conj/Pois/Air  47%        N/A       1%          3
w - Wereblood             Tmut           32%        N/A       1%          2

Your spell library contained the following spells:

 Spells                   Type           Power      Damage    Failure   Level
 Summon Small Mammal      Summ           100%       N/A       1%          1
 Call Imp                 Summ           82%        N/A       1%          2
 Stone Arrow              Conj/Erth      78%        3d11      1%          3
 Fulminant Prism          Conj/Hex       27%        3d14      1%          4
 Passwall                 Tmut/Erth      17%        N/A       3%          2
 Sandblast                Erth           20%        2d7       4%          1
 Cause Fear               Hex            23%        N/A       4%          4
 Brom's Barrelling Bould  Conj/Erth      39%        2d6       6%          4
 Iskenderun's Mystic Bla  Conj/Tloc      40%        2d9       6%          4
 Sublimation of Blood     Necr           11%        N/A       7%          2
 Volatile Blastmotes      Fire/Tloc      20%        2d11      13%         3
 Frozen Ramparts          Ice            20%        1d4       14%         3
 Petrify                  Tmut/Erth      21%        N/A       22%         4
 Manifold Assault         Tloc           11%        N/A       38%         4
 Animate Dead             Necr           11%        N/A       41%         4
 Iskenderun's Battlesphe  Conj           62%        2d11      2%          5
 Irradiate                Conj/Tmut      25%        3d20      9%          5
 Fireball                 Conj/Fire      19%        3d9       19%         5
 Metabolic Englaciation   Hex/Ice        14%        N/A       36%         5
 Conjure Ball Lightning   Conj/Air       25%        3x3d7     41%         6
 Orb of Destruction       Conj           31%        9d10      61%         7
 Starburst                Conj/Fire      19%        6d7       69%         6
 Borgnjor's Vile Clutch   Necr/Erth      5%         N/A       77%         5
 Summon Hydra             Summ           20%        N/A       99%         7
 Death Channel            Necr           5%         N/A       100%        6
 Maxwell's Capacitive Co  Air            17%        ∞         100%        8
 Dragon's Call            Summ           20%        N/A       100%        9


Dungeon Overview and Level Annotations

Branches:
Dungeon (10/15)            Temple (1/1) D:5           Sewer (visited)
Ossuary (visited)
   Lair: D:8-11         Orc: D:9-12

Altars:
Ashenzari
Cheibriados
Dithmenos
Fedhas
Gozag
Kikubaaqudgha
Makhleb
Nemelex Xobeh
Okawaru
Qazlal
Ru
Sif Muna
Trog
Uskayaw
Vehumet
Wu Jian
Xom
Yredelemnul

Shops:
D:8 [


Innate Abilities, Weirdness & Mutations

You have a pair of antennae on your head.
You are partially covered in slimy green scales. (AC +2)
A meltable icy envelope protects you from harm. (AC +4)
You sometimes gain power by taking damage.
A meltable shield of frost defends you. (SH +4)


Message History

Casting: Dazzling Flash (safe; 1% risk of failure)
Confirm with . or Enter, or press ? or * to list all spells.
Casting: Dazzling Flash (safe; 1% risk of failure)
Press: ? - help, Dir - look around, f - activate The centaur warrior shoots an arrow.
The arrow barely misses the ogre mage.
The arrow closely misses you.
The ogre mage is engulfed in noxious fumes.
The ogre mage appears confused.
Okay, then.
You hit the ogre mage.
Your weapon exudes an aura of protection.
The ogre mage is heavily wounded.
The centaur warrior shoots an arrow.
The arrow hits the ogre mage!!
The centaur warrior shoots an arrow.
The arrow hits the ogre mage!!
The ogre mage dies!
The centaur warrior is no longer blind.
The centaur warrior shoots an arrow.
The arrow hits you!
* * * LOW HITPOINT WARNING * * *
Things that are here:
a +0 spear; a +0 robe
Casting: Dazzling Flash (safe; 1% risk of failure)
Confirm with . or Enter, or press ? or * to list all spells.
Aiming: Mephitic Cloud (safe; 1% risk of failure)
Press: ? - help, Shift-Dir - straight line, f - centaur warrior
Aim: a centaur warrior, wielding a +0 shortbow (chance to affect: 53%)
The ball explodes into a vile cloud!
The stinking cloud engulfs the centaur warrior but does no damage.
The centaur warrior is engulfed in noxious fumes.
The centaur warrior shoots an arrow.
The arrow hits you!
* * * LOW HITPOINT WARNING * * *
The centaur warrior is engulfed in noxious fumes.
The centaur warrior shoots an arrow.
The arrow hits you.
* * * LOW HITPOINT WARNING * * *
Casting: Mephitic Cloud (safe; 1% risk of failure)
Confirm with . or Enter, or press ? or * to list all spells.
Casting: Dazzling Flash (safe; 1% risk of failure)
Press: ? - help, Dir - look around, f - activate The centaur warrior is engulfed in noxious fumes.
The centaur warrior shoots an arrow.
The arrow hits you!
You die...

##################
#.................
#.................
#..####...##......
#..####...##......
#.○○)..)....>.....
#○c☼..############
#.☼§..'...........
#@#...#...........
#.#...#...........
#.#...#......l...#
#.....########..##
#.....#######..##.
#...#.#.......##..
#...#.#.......#{H#
#...#.'.......#..#
#...#.#.........#.


You could see a centaur warrior.

Vanquished Creatures
  Fannar (D:10)
  A boulder beetle (D:10)
  2 manticores (D:10)
  2 kobold demonologists
  A komodo dragon (D:10)
  A troll (D:9)
  Grinder (D:4)
  6 slime creatures (D:8)
  8 yaks
  Menkaure (D:5)
  A steam dragon (D:7)
  A water moccasin (D:6)
  2 ice beasts
  A sky beast (D:7)
  3 orc warriors
  9 centaurs
  3 phantoms
  4 kobold brigands
  3 bullfrogs
  2 scorpions (D:6)
  A wight (D:10)
  A killer bee (D:10)
  2 howler monkeys (D:10)
  3 jellies
  Crazy Yiuf (D:7)
  2 orc priests (D:6)
  2 gnoll boudas (D:8)
  A hound (D:6)
  A sleepcap (D:7)
  2 iguanas
  4 orc wizards
  A centaur simulacrum (D:10)
  2 mummies
  11 gnolls
  5 adders
  A river rat (D:3)
  2 shadow imps (D:5)
  A white imp (D:7)
  6 ufetubi (D:6)
  3 worms
  2 dart slugs
  18 orcs
  3 spectral bats (Ossuary)
  27 endoplasms
  6 giant cockroaches
  6 goblins
  4 hobgoblins
  6 jackals
  21 kobolds
  10 quokkas
  11 ball pythons
  6 bats
  3 bat simulacra (Ossuary)
  10 frilled lizards
  12 gnoll zombies (Ossuary)
  2 goblin simulacra (Ossuary)
  6 goblin zombies (Ossuary)
  3 hobgoblin zombies (Ossuary)
  5 kobold simulacra (Ossuary)
  3 kobold zombies (Ossuary)
  6 orc zombies (Ossuary)
  10 rats
  4 spectral goblins (Ossuary)
  2 spectral kobolds (Ossuary)
  3 spectral rats (Ossuary)
294 creatures vanquished.

Vanquished Creatures (collateral kills)
  2 shadows
  A vampire (D:8)
  2 yaks (D:10)
  A golden eye (shapeshifter) (D:10)
  A centaur (D:10)
  A kobold brigand (D:10)
  A killer bee (D:10)
  An orc wizard (D:10)
10 creatures vanquished.

Vanquished Creatures (others)
  An ogre mage (D:10)
  A two-headed ogre (D:9)
  A yaktaur (D:10)
  A shadow (D:10)
  8 yaks (D:9)
  A centaur (D:9)
  An ogre (D:4)
  A bullfrog (D:9)
  A gnoll sergeant (D:10)
  5 wights (D:9)
  An iguana (D:4)
  A kobold (D:8)
23 creatures vanquished.

Grand Total: 327 creatures vanquished

Notes
Turn   | Place    | Note
-------+----------+-------------------------------------------
     0 | D:1      | croobank the Demonspawn Conjurer began the quest for the
                  | Orb.
     0 | D:1      | Reached XP level 1. HP: 13/13 MP: 3/3
   388 | D:1      | Gained mutation: A meltable shield of frost defends you.
                  | (SH +4) [demonic ancestry]
   388 | D:1      | Reached XP level 2. HP: 19/19 MP: 3/5
   934 | D:1      | Learned a level 2 spell: Searing Ray
  1303 | D:2      | Gained mutation: You have a pair of small antennae on your
                  | head. [demonic ancestry]
  1303 | D:2      | Reached XP level 3. HP: 24/24 MP: 0/6
  2223 | D:2      | Found a basalt altar of Yredelemnul.
  2908 | D:3      | Gained mutation: A meltable icy envelope protects you from
                  | harm. (AC +4) [demonic ancestry]
  2908 | D:3      | Reached XP level 4. HP: 30/30 MP: 1/7
  3004 | D:3      | Found a glowing drain.
  3036 | Sewer    | Entered a sewer
  3061 | Sewer    | Learned a level 3 spell: Dazzling Flash
  3894 | Sewer    | Gained mutation: You are partially covered in slimy green
                  | scales. (AC +2) [demonic ancestry]
  3894 | Sewer    | Reached XP level 5. HP: 35/35 MP: 6/9
  4046 | Sewer    | Reached skill level 5 in Conjurations
  4478 | D:3      | Gained mutation: You sometimes gain a little power by
                  | taking damage. [demonic ancestry]
  4478 | D:3      | Reached XP level 6. HP: 33/41 MP: 1/11
  4762 | D:3      | Learned a level 3 spell: Mephitic Cloud
  5053 | D:4      | You fall into a shaft and drop 3 floors!
  5348 | D:8      | Reached skill level 1 in Fighting
  5563 | D:7      | Identified the +0 leather armour "Wasef" {Harm Str-5 Dex+3}
  5623 | D:7      | Reached skill level 1 in Hexes
  5623 | D:7      | Reached XP level 7. HP: 25/48 MP: 1/12
  5809 | D:6      | Identified the +2 rapier of the Eleven Hosts {protect,
                  | rPois rF+ Will+ Dex-2}
  5828 | D:5      | Entered Level 5 of the Dungeon
  5842 | D:5      | Found a sand-covered staircase.
  5854 | Ossuary  | Entered an ossuary
  5961 | Ossuary  | Reached skill level 1 in Poison Magic
  6348 | Ossuary  | Reached skill level 1 in Air Magic
  7087 | D:4      | Learned a level 2 spell: Wereblood
  7593 | D:4      | Noticed Grinder
  7599 | D:4      | Learned a level 3 spell: Summon Guardian Golem
  7621 | D:4      | Paralysed by Grinder for 3 turns
  7628 | D:4      | Killed Grinder
  7629 | D:4      | Reached XP level 8. HP: 40/57 MP: 12/14
  7767 | D:5      | Noticed Menkaure
  7786 | D:5      | Killed Menkaure
  8469 | D:5      | Reached skill level 1 in Transmutations
  8626 | D:5      | Reached skill level 6 in Conjurations
  8850 | D:5      | Found a staircase to the Ecumenical Temple.
  8893 | Temple   | Entered the Ecumenical Temple
  8902 | Temple   | Became a worshipper of Ashenzari the Shackled
  9635 | D:6      | Reached skill level 1 in Short Blades
  9635 | D:6      | Reached skill level 1 in Summonings
  9717 | D:6      | Reached skill level 5 in Stealth
  9894 | D:6      | Gained mutation: You have a pair of antennae on your head.
                  | [demonic ancestry]
  9894 | D:6      | Reached XP level 9. HP: 42/66 MP: 3/16
  9956 | D:6      | Learned a level 2 spell: Blink
 11309 | D:7      | Reached skill level 5 in Fighting
 11309 | D:7      | Reached skill level 5 in Spellcasting
 11463 | D:7      | Noticed a kobold demonologist
 11469 | D:7      | Noticed a sixfirhy
 11474 | D:7      | Noticed a rust devil
 11478 | D:7      | Killed a kobold demonologist
 11479 | D:7      | Reached skill level 5 in Dodging
 11619 | D:7      | Found a runed translucent door.
 11620 | D:7      | Noticed Crazy Yiuf
 11628 | D:7      | Killed Crazy Yiuf
 12031 | D:8      | Found Kitump's Armour Shoppe.
 12275 | D:9      | Noticed a troll
 12288 | D:9      | Killed a troll
 12289 | D:9      | Reached XP level 10. HP: 23/76 MP: 4/18
 12718 | D:8      | Reached skill level 7 in Conjurations
 12763 | D:8      | HP: 3/76 [large slime creature (33)]
 12770 | D:8      | HP: 2/114 [slime creature (7)]
 13358 | D:8      | Reached * piety under Ashenzari
 13380 | D:8      | Learned a level 3 spell: Call Canine Familiar
 13407 | D:8      | Reached ** piety under Ashenzari
 14275 | D:9      | Noticed a two-headed ogre
 14291 | D:9      | Killed a two-headed ogre
 14877 | D:9      | Gained mutation: You sometimes gain power by taking damage.
                  | [demonic ancestry]
 14877 | D:9      | Reached XP level 11. HP: 50/83 MP: 8/20
 15183 | D:10     | Identified the "Okluzxa"
 15183 | D:10     | Entered Level 10 of the Dungeon
 15428 | D:10     | Reached skill level 8 in Conjurations
 15458 | D:10     | Identified the +0 shortbow of Kiyhi {freeze, rF- Will-
                  | Int+9 SInv}
 16128 | D:10     | Identified the staff of the Skies Above {rElec rPois Str-3
                  | Dex+4 Earth Poison}
 16168 | D:10     | Noticed a boulder beetle
 16177 | D:10     | Killed a boulder beetle
 16262 | D:10     | Reached skill level 5 in Short Blades
 16309 | D:10     | Noticed Fannar
 16338 | D:10     | Killed Fannar
 16475 | D:10     | Identified the +0 quarterstaff of Saejas {heavy, rF+ Str+6
                  | Dex+2}
 16487 | D:10     | HP: 4/85 [meliai/divine providence (12)]
 16568 | D:10     | Noticed an ogre mage
 16570 | D:10     | Noticed a centaur warrior
 16573 | D:10     | Killed an ogre mage
 16576 | D:10     | Shot with an arrow by a centaur warrior

Illustrated notes

Levels and vault maps discovered:
D:1:      eino_arrival_druids_welcome, layout_loops_corners,
          minmay_misc_feat_encased, glass_columns_a, nicolae_figureground_pulse
D:2:      layout_basic, basic_altar, minivault_25, minmay_bisected
D:3:      layout_loops_corners, portal_sewer_entry_b, chequers_decorated_corner
D:4:      layout_rooms, minmay_manual_mares, uniq_grinder
D:5:      layout_loops_ring, minmay_temple_entry_arrows,
          gup_ossuary_entry_pyramid, minmay_manual_monstrance, uniq_menkaure
D:6:      layout_loops_corners, nicolae_underground_beach
D:7:      layout_loops_ring, kennysheep_path_1, uniq_crazy_yiuf_cottage
D:8:      layout_basic, serial_shops, nicolae_shop_behind_doors
D:9:      layout_roguey, nicolae_overflow_hidden_temple
D:10:     minmay_the_grid_octo_tiled_octocenter [minmay_the_grid_octo_teeth,
          minmay_the_grid_octo_chip, minmay_the_grid_octo_focus,
          minmay_the_grid_octo_checkerflower, minmay_the_grid_octo_prize_star,
          minmay_the_grid_square_5x5_shrine2,
          minmay_the_grid_square_5x5_inner_i,
          minmay_the_grid_square_5x5_half_checkered,
          minmay_the_grid_square_5x5_six_small], layout_stronghold,
          mainiacjoe_overflow_catwalk_spiral, minmay_hollow_rounded_squares,
          uniq_fannar
Temple:   nicolae_temple_bog_church

Skill      XL: |  1  2  3  4  5  6  7  8  9 10 11 |
---------------+----------------------------------+-----
Dodging        | 2 3 4 5 6 |  6.7
Stealth        | 2 3 4 5 6 7 |  7.4
Spellcasting   | 3 4 5 6 |  6.8
Conjurations   | 5 6 7 8 |  8.3
Fighting       | 1 2 4 5 6 7 |  7.6
Hexes          | 1 2 3 4 |  4.6
Poison Magic   | 1 2 3 4 |  4.2
Air Magic      | 1 2 3 |  3.9
Transmutations | 1 2 3 |  3.6
Short Blades   | 1 2 4 5 |  5.1
Summonings     | 1 2 3 |  3.9

Action                     |  1- 3 |  4- 6 |  7- 9 | 10-12 || total
---------------------------+-------+-------+-------+-------++-------
  Melee: Unarmed           |     2 |       |       |       ||     2
         Dagger            |    45 |   242 |     1 |       ||   288
         Punch             |       |     2 |    10 |     2 ||    14
         Rapier            |       |       |   555 |   320 ||   875
   Cast: Magic Dart        |    51 |    35 |    17 |    11 ||   114
         Searing Ray       |    17 |    20 |    26 |    30 ||    93
         Dazzling Flash    |       |    24 |    55 |    35 ||   114
         Mephitic Cloud    |       |     1 |       |     8 ||     9
         Wereblood         |       |       |     5 |     2 ||     7
         Summon Guardian G |       |       |     4 |    23 ||    27
         Call Canine Famil |       |       |       |    14 ||    14
         Blink             |       |       |       |     2 ||     2
 Invoke: Curse Item        |       |       |     1 |     3 ||     4
  Evoke: Wand              |       |       |     8 |    19 ||    27
    Use: Scroll            |     5 |     5 |    18 |     6 ||    34
         Potion            |       |     3 |     7 |    11 ||    21
   Stab: Sleeping          |     5 |       |    16 |       ||    21
         Distracted        |     1 |       |     1 |       ||     2
         Invisible         |       |    10 |    29 |    16 ||    55
         Confused          |       |     1 |       |     8 ||     9
 Armour: Robe              |    26 |   149 |   328 |       ||   503
         Leather armour    |       |    19 |       |       ||    19
         Steam dragon scal |       |       |   117 |   291 ||   408
         Skin              |       |       |       |    10 ||    10
  Dodge: Dodged            |    29 |   233 |   562 |   297 ||  1121
  Block: Other             |    13 |    68 |   151 |    79 ||   311

Table legend: (Time is in decaauts)
 A = Elapsed time spent in this place.
 B = Non-inter-level travel time spent in this place.
 C = Inter-level travel time spent in this place.
 D = Time resting spent in this place.
 E = Time spent auto-exploring this place.
 F = Levels seen in this place.
 G = Mean time per level.
                   A        B        C        D        E       F      G
               +--------+--------+--------+--------+--------+-----+--------+
         Total |  16725 |  16304 |    421 |   4633 |   7782 |  13 | 1286.5 |
       Dungeon |  14430 |  14026 |    404 |   3542 |   7478 |  10 | 1443.0 |
        Temple |     18 |      1 |     17 |      0 |      0 |   1 |   18.0 |
         Sewer |   1217 |   1217 |      0 |    745 |     90 |   1 | 1217.0 |
       Ossuary |   1058 |   1058 |      0 |    346 |    214 |   1 | 1058.0 |
               +--------+--------+--------+--------+--------+-----+--------+

Top non-repeatable levels by time:
     D:8: 2171 daAuts
     D:6: 1691 daAuts
     D:9: 1548 daAuts
     D:4: 1530 daAuts
     D:7: 1464 daAuts
    D:10: 1289 daAuts
     D:3: 1278 daAuts
     D:2: 1243 daAuts
     D:1: 1231 daAuts
   Sewer: 1217 daAuts
 Ossuary: 1058 daAuts
     D:5: 981 daAuts
  Temple: 18 daAuts
